 Dungeon Crawl Stone Soup version 0.31.0-7-gf635a9b802 (webtiles) character file.

Game seed: 14212225885122363884

247 Arcadio the Skirmisher (level 6, 0/48 (50) HPs)
             Began as a Gnoll Hunter on Jan 23, 2024.
             Was an Initiate of Fedhas.
             Slain by Duvessa
             ... wielding a +2 short sword of venom
              (8 damage)
             ... on level 4 of the Dungeon.
             The game lasted 00:06:45 (2189 turns).

Arcadio the Skirmisher (Gnoll Hunter)               Turns: 2189, Time: 00:06:45

HP:   0/48 (50)     AC:  9    Str: 10    XL:     6   Next: 11%
MP:   8/8           EV: 14    Int:  9    God:    Fedhas [......]
Gold: 140           SH:  0    Dex: 17    Spells: 8/8 levels left

rFire   . . .        b - +1 dagger (vamp)
rCold   . . .        (no shield)
rNeg    . . .        c - +0 leather armour
rPois   .            (no helmet)
rElec   .            (no cloak)
rCorr   .            h - +2 pair of gloves
SInv    .            k - +2 pair of boots
Will    .....        (no amulet)
Stlth   ++           (no ring)
HPRegen 0.28/turn    (no ring)
MPRegen 0.11/turn

%: no passive effects
@: brilliant, lethally poisoned (0 -> -9), lightly drained
A: fangs 1, strong nose, distributed training
a: Renounce Religion


You were on level 4 of the Dungeon.
You worshipped Fedhas.
Fedhas was noncommittal.
You visited 2 branches of the dungeon, and saw 5 of its levels.

You collected 140 gold pieces.

Inventory:

Hand Weapons
 a - a +0 shortbow
 b - a +1 vampiric dagger (weapon)
Armour
 c - a +0 leather armour (worn)
 h - a +2 pair of gloves (worn)
 k - a +2 pair of boots (worn)
Scrolls
 e - a scroll of revelation {unknown}
 i - a scroll of silence
 j - a scroll of immolation
 l - a scroll of teleportation {unknown}
 m - a scroll of butterflies
Potions
 f - a potion of cancellation
 g - a potion of enlightenment


   Skills:
 + Level 4.9 Fighting
 + Level 1.9 Short Blades
 + Level 1.9 Long Blades
 + Level 1.9 Axes
 + Level 1.9 Maces & Flails
 + Level 1.9 Polearms
 + Level 1.9 Staves
 + Level 8.7 Ranged Weapons
 + Level 1.9 Throwing
 + Level 1.9 Armour
 + Level 4.9 Dodging
 + Level 3.0 Stealth
 + Level 1.9 Shields
 + Level 1.9 Unarmed Combat
 + Level 1.9 Spellcasting
 + Level 1.5 Conjurations
 + Level 1.5 Hexes
 + Level 1.5 Summonings
 + Level 1.5 Necromancy
 + Level 1.5 Translocations
 + Level 1.5 Fire Magic
 + Level 1.5 Ice Magic
 + Level 1.5 Air Magic
 + Level 1.5 Earth Magic
 + Level 1.5 Alchemy
 + Level 2.1 Invocations
 + Level 1.9 Evocations
 + Level 1.7 Shapeshifting


You had 8 spell levels left.
You didn't know any spells.
Your spell library contained the following spells:

 Spells                   Type           Power      Damage    Failure   Level
 Summon Small Mammal      Summ           20%        N/A       24%         1
 Call Canine Familiar     Summ           5%         N/A       58%         3
 Summon Blazeheart Golem  Fire/Summ      5%         N/A       94%         4


Dungeon Overview and Level Annotations

Branches:
Dungeon (4/15)             Temple (1/1) D:4

Altars:
Dithmenos
Elyvilon
Fedhas
Gozag
Kikubaaqudgha
Makhleb
Okawaru
Qazlal
Ru
Sif Muna
Trog
Uskayaw
Vehumet
Wu Jian
Xom
Yredelemnul
Zin
The Shining One

Shops:
D:1 [

Annotations:
D:4 1 runed translucent door, Crazy Yiuf, Dowan, Duvessa


Innate Abilities, Weirdness & Mutations

You have very sharp teeth.
Your uncanny sense of smell can sniff out nearby items.
Your experience applies equally to all skills.


Message History

b - a +1 vampiric dagger (weapon)
Duvessa hits you with a +2 short sword of venom.
You are poisoned.
You completely miss Duvessa.
You feel sick. Duvessa hits you but does no damage.
You hit Duvessa but do no damage.
You feel sick.
Duvessa hits you with a +2 short sword of venom.
You are more poisoned.
Dowan casts a spell.
Dowan blinks!
Duvessa hits you with a +2 short sword of venom.
You hit Duvessa but do no damage.
You feel very sick.
Dowan hits you with a +2 dagger of draining.
You feel drained.
Duvessa hits you with a +2 short sword of venom.
You are more poisoned.
You feel very sick. Dowan attacks as he pursues you! Dowan closely misses you.
You feel very sick. Duvessa hits you but does no damage.
You feel very sick.
You feel very sick. Dowan barely misses you.
Duvessa hits you but does no damage.
There is an open door here.
You feel sick.
Duvessa hits you with a +2 short sword of venom!
* * * LOW HITPOINT WARNING * * *
It was a potion of curing.
You feel better.
Dowan gestures wildly while chanting.
Dowan blinks!
Duvessa hits you with a +2 short sword of venom.
You are lethally poisoned!
It was a potion of brilliance.
You feel clever all of a sudden.
* * * LOW HITPOINT WARNING * * *
You feel very sick.
Duvessa hits you with a +2 short sword of venom!
You die...
Fedhas appreciates your contribution to the ecosystem.

....# #.# ....# #.#
....# #######.##
....# #........#
....# #........#
############........#
....................#
....................#
................@...#
............#####e###
............+......#
............#....ยง.#
#############......#
#.....#......#
#.....#......#
#....##'######
#....##......#


You could see Duvessa (fast).

Vanquished Creatures
  A scorpion (D:2)
  A bombardier beetle (D:3)
  Jessica (D:2)
  5 adders
  2 dart slugs
  2 orcs (D:3)
  7 bats
  8 endoplasms
  5 giant cockroaches
  3 goblins
  8 hobgoblins
  6 jackals (D:1)
  4 quokkas
  6 ball pythons
  6 frilled lizards
  8 kobolds
  8 rats
81 creatures vanquished.

Notes
Turn   | Place    | Note
-------+----------+-------------------------------------------
     0 | D:1      | Arcadio the Gnoll Hunter began the quest for the Orb.
     0 | D:1      | Reached XP level 1. HP: 20/20 MP: 1/1
   121 | D:1      | Reached XP level 2. HP: 26/26 MP: 2/2
   219 | D:1      | Reached XP level 3. HP: 22/31 MP: 3/3
   261 | D:1      | Found Dajouhadi's Armour Shop.
   472 | D:1      | Reached skill level 1 in Invocations
   700 | D:2      | Reached skill level 1 in Short Blades
   700 | D:2      | Reached skill level 1 in Long Blades
   700 | D:2      | Reached skill level 1 in Axes
   700 | D:2      | Reached skill level 1 in Maces & Flails
   700 | D:2      | Reached skill level 1 in Polearms
   700 | D:2      | Reached skill level 1 in Staves
   700 | D:2      | Reached skill level 1 in Throwing
   700 | D:2      | Reached skill level 1 in Armour
   700 | D:2      | Reached skill level 1 in Shields
   700 | D:2      | Reached skill level 1 in Unarmed Combat
   700 | D:2      | Reached skill level 1 in Spellcasting
   700 | D:2      | Reached skill level 1 in Evocations
   835 | D:2      | Noticed a scorpion
   838 | D:2      | Killed a scorpion
   839 | D:2      | Reached skill level 1 in Conjurations
   839 | D:2      | Reached skill level 1 in Hexes
   839 | D:2      | Reached skill level 1 in Summonings
   839 | D:2      | Reached skill level 1 in Necromancy
   839 | D:2      | Reached skill level 1 in Translocations
   839 | D:2      | Reached skill level 1 in Fire Magic
   839 | D:2      | Reached skill level 1 in Ice Magic
   839 | D:2      | Reached skill level 1 in Air Magic
   839 | D:2      | Reached skill level 1 in Earth Magic
   839 | D:2      | Reached skill level 1 in Alchemy
   839 | D:2      | Reached skill level 1 in Shapeshifting
   839 | D:2      | Reached XP level 4. HP: 38/38 MP: 4/6
   877 | D:2      | Reached XP level 5. HP: 43/43 MP: 7/7
  1010 | D:2      | Found a faded altar of an unknown god.
  1165 | D:2      | Noticed Jessica
  1167 | D:2      | Killed Jessica
  1649 | D:3      | Reached XP level 6. HP: 50/50 MP: 8/8
  1666 | D:3      | Found a hide-covered altar of Uskayaw.
  1935 | D:4      | Found a staircase to the Ecumenical Temple.
  1944 | Temple   | Entered the Ecumenical Temple
  1952 | Temple   | Became a worshipper of Fedhas Madash
  2096 | D:4      | Found a runed translucent door.
  2097 | D:4      | Noticed Crazy Yiuf
  2158 | D:4      | Noticed Duvessa
  2158 | D:4      | Noticed Dowan
  2187 | D:4      | HP: 1/48 [Duvessa/+2 short sword of venom (9)]
  2189 | D:4      | Slain by Duvessa

Illustrated notes

Levels and vault maps discovered:
D:1:      tarquinn_simple_flora_water_f, layout_basic, serial_shops, shop
D:2:      layout_loops_ring, hellmonk_ecumenical_altar_blasted,
          minmay_crystal_room, uniq_jessica
D:3:      layout_rooms, nicolae_uskayaw_dance_hall, minmay_quadrilaterals
D:4:      layout_gridville, chequers_temple_overflow_statue_of_worship,
          minmay_temple_entry_butterflies, uniq_duvessa,
          uniq_crazy_yiuf_cottage, uniq_blork_the_orc
Temple:   sentei_temple_godly_chess

Skill      XL: |  1  2  3  4  5 |
---------------+----------------+-----
Invocations    | 1 2 |  2.1
Short Blades   | 1 |  1.9
Long Blades    | 1 |  1.9
Axes           | 1 |  1.9
Maces & Flails | 1 |  1.9
Polearms       | 1 |  1.9
Staves         | 1 |  1.9
Throwing       | 1 |  1.9
Armour         | 1 |  1.9
Shields        | 1 |  1.9
Unarmed Combat | 1 |  1.9
Spellcasting   | 1 |  1.9
Evocations     | 1 |  1.9
Conjurations   | 1 |  1.5
Hexes          | 1 |  1.5
Summonings     | 1 |  1.5
Necromancy     | 1 |  1.5
Translocations | 1 |  1.5
Fire Magic     | 1 |  1.5
Ice Magic      | 1 |  1.5
Air Magic      | 1 |  1.5
Earth Magic    | 1 |  1.5
Alchemy        | 1 |  1.5
Shapeshifting  | 1 |  1.7
Stealth        | 3 |  3.0
Fighting       | |  4.9
Ranged Weapons | |  8.7
Dodging        | |  4.9

Action                     |  1- 3 |  4- 6 || total
---------------------------+-------+-------++-------
  Melee: Dagger            |       |    12 ||    12
         Bite              |       |     2 ||     2
   Fire: Shortbow          |    89 |   101 ||   190
    Use: Scroll            |       |     6 ||     6
         Potion            |       |     2 ||     2
 Armour: Leather armour    |    14 |    31 ||    45
  Dodge: Dodged            |    16 |    31 ||    47
